 Dungeon Crawl Stone Soup version 0.30-a0-778-g2ef04afb54 (webtiles) character file.

Game seed: 6224479458442553627

1089 Shayle the Conjurer (level 8, 41/60 HPs)
             Began as a Demonspawn Conjurer on Feb 15, 2023.
             Quit the game on level 5 of the Dungeon.
             The game lasted 00:17:27 (6297 turns).

Shayle the Conjurer (Demonspawn Conjurer)           Turns: 6297, Time: 00:17:28

Health: 41/60      AC:  3    Str: 13    XL:     8   Next: 9%
Magic:  14/14      EV: 13    Int: 22    God:
Gold:   421        SH:  4    Dex: 12    Spells: 10/15 levels left

rFire   . . .      SeeInvis .    m - +0 halberd
rCold   . . .      Faith    .    (shield currently unavailable)
rNeg    . . .      Spirit   .    a - +1 robe
rPois   .          Reflect  .    (no helmet)
rElec   .          Harm     .    (no cloak)
rCorr   .          Rampage  .    (no gloves)
Will    .....                    (no boots)
Stlth   +++                      (no amulet)
HPRegen 0.30/turn                w - +6 ring of strength
MPRegen 0.14/turn                (no ring)

@: no status effects
A: large bone plates 1, foul stench 1, powered by death 1, weakness stinger 2
a: no special abilities


You were on level 5 of the Dungeon.
You visited 1 branch of the dungeon, and saw 5 of its levels.
You also visited: Ossuary.

You collected 445 gold pieces.
You spent 24 gold pieces at shops.

Inventory:

Hand Weapons
 m - a +0 halberd (weapon)
 q - a +2 dagger of protection
 x - a +3 short sword of venom
Missiles
 p - a throwing net
Armour
 a - a +1 robe (worn)
Jewellery
 i - an amulet of magic regeneration
 w - a +6 ring of strength (left hand)
Wands
 h - a wand of paralysis (10)
Scrolls
 c - 2 scrolls of enchant weapon
 e - 3 scrolls of amnesia
 f - a scroll of enchant armour
 s - a scroll of teleportation
 v - 2 scrolls of poison
 A - a scroll of identify
Potions
 b - a potion of magic
 d - a potion of ambrosia {unknown}
 g - a potion of brilliance
 j - a potion of degeneration
 k - 4 potions of lignification
 l - 2 potions of attraction
 n - 4 potions of heal wounds
 o - 4 potions of curing
 r - 2 potions of flight
 t - a potion of haste {unknown}
 u - a potion of might {unknown}
 z - a potion of berserk rage {unknown}
 B - a potion of mutation {unknown}


   Skills:
 + Level 3.9 Fighting
 + Level 4.2 Dodging
 + Level 4.4 Stealth
 + Level 4.2 Spellcasting
 + Level 5.8 Conjurations


You had 10 spell levels left.
You knew the following spells:

 Your Spells              Type           Power      Damage    Failure   Level
a - Magic Dart            Conj           100%       1d8       1%          1
b - Searing Ray           Conj           60%        2d6       1%          2
c - Call Imp              Summ           4%         N/A       17%         2

Your spell library contained the following spells:

 Spells                   Type           Power      Damage    Failure   Level
 Dazzling Flash           Conj/Hex       34%        N/A       10%         3
 Mephitic Cloud           Conj/Pois/Air  13%        N/A       14%         3
 Gell's Gravitas          Tloc           4%         N/A       32%         3
 Ozocubu's Armour         Ice            4%         N/A       32%         3
 Teleport Other           Tloc           4%         N/A       32%         3
 Fulminant Prism          Conj/Hex       8%         3d6       32%         4
 Iskenderun's Mystic Bla  Conj/Tloc      17%        2d5       32%         4
 Metabolic Englaciation   Hex/Ice        2%         N/A       97%         5
 Dispersal                Tloc           2%         N/A       100%        6
 Simulacrum               Ice/Necr       2%         N/A       100%        6


Dungeon Overview and Level Annotations

Branches:
Dungeon (5/15)            Ossuary (visited)
 Temple: D:4-7

Altars:

Shops:
D:2 ?=   D:3 (   D:5 [


Innate Abilities, Weirdness & Mutations

You are partially covered in large bone plates. (SH +4)
You may rarely emit foul miasma when damaged in melee.
You regenerate a little health from kills.
You have a tail ending in a sharp stinger.


Message History

You barely miss the orc. The orc closely misses you.
You hit the orc.
Your tail-slap misses the orc.
The orc is almost dead.
The orc barely misses you. The orc closely misses you.
You barely miss the orc.
The orc is almost dead.
The orc hits you but does no damage.
You hit the orc.
You kill the orc!
Things that are here:
a +0 club; a +0 ring mail A scorpion is nearby!
There is an open door, spattered with blood here.
Items here: ! )) [ †.
You closely miss the scorpion. The scorpion misses you.
You block the scorpion's attack.
You completely miss the scorpion. The scorpion misses you.
You block the scorpion's attack.
You closely miss the scorpion. You tail-slap the scorpion.
The scorpion is lightly wounded.
The scorpion closely misses you. x2
You puncture the scorpion! You tail-slap the scorpion.
The scorpion is heavily wounded.
The scorpion stings you.
You are poisoned.
The scorpion poisons you!
You emit a cloud of foul miasma!
The scorpion is engulfed in dark miasma.
The scorpion is poisoned.
The scorpion stings you.
You barely miss the scorpion.
Your tail-slap misses the scorpion.
The scorpion is severely wounded.
You feel very sick.
The scorpion is engulfed in dark miasma.
The scorpion looks even sicker.
You kill the scorpion!
You feel sick.
You start resting.
Magic restored.
You feel sick.
You start resting.
You feel sick. x6
You are no longer poisoned.
Okay, then.
Are you sure you want to abandon this character and quit the game? (Confirm with "yes".)

#### ##.. ######..
o..### #...##.# #..##.##
#.#..#.##..##)..##
##.##...#.. #.....#
##.♣###..#.#####)#####..
#.♣.# ##(#......@......[
#♣.♣## #....#......#####
.♣.PP# ####..#.#####
♣.♣..## ##...# ..♣♣..###
#..###### ....P...#
#..###P..# .....♣♣♣#
####♣♣...#
........####..♣..(.###
.........##..)..#....##


There were no monsters in sight!

Vanquished Creatures
  Sigmund (D:3)
  An ice beast (D:5)
  An ogre (D:5)
  A kobold brigand (D:5)
  2 scorpions
  A howler monkey (D:4)
  A hound (D:4)
  2 jellies
  An orc priest (D:5)
  Jessica (D:3)
  7 mummies
  Robin (D:3)
  11 adders
  4 worms
  A dart slug (D:4)
  6 orcs
  12 ball pythons
  11 endoplasms
  2 giant cockroaches
  11 hobgoblins
  12 jackals
  A quokka (D:4)
  2 bats
  2 frilled lizards (D:1)
  14 goblins
  3 hobgoblin zombies (Ossuary)
  27 kobolds
  2 kobold zombies (Ossuary)
  2 orc zombies (Ossuary)
  3 rats (D:1)
146 creatures vanquished.

Vanquished Creatures (collateral kills)
  2 mummies (Ossuary)
  A hobgoblin zombie (Ossuary)
3 creatures vanquished.

Vanquished Creatures (others)
  35 plants
35 creatures vanquished.

Grand Total: 184 creatures vanquished

Notes
Turn   | Place    | Note
-------+----------+-------------------------------------------
     0 | D:1      | Shayle the Demonspawn Conjurer began the quest for the Orb.
     0 | D:1      | Reached XP level 1. HP: 13/13 MP: 3/3
   398 | D:1      | Gained mutation: You have a small tail. [demonic ancestry]
   398 | D:1      | Reached XP level 2. HP: 20/20 MP: 3/5
   793 | D:2      | Found Giyqa Vifai's Magic Scroll Shoppe.
   916 | D:1      | Learned a level 2 spell: Searing Ray
  1231 | D:2      | Bought a scroll of identify for 24 gold pieces
  1291 | D:2      | Reached skill level 1 in Fighting
  1291 | D:2      | Reached XP level 3. HP: 11/26 MP: 0/6
  1381 | D:2      | Found Pufyzymp's Jewellery Shop.
  1544 | D:2      | Found Zeuddoni's Jewellery Boutique.
  2222 | D:3      | Noticed Sigmund
  2232 | D:3      | Killed Sigmund
  2233 | D:3      | Gained mutation: You have a tail ending in a sharp stinger.
                  | [demonic ancestry]
  2233 | D:3      | Reached XP level 4. HP: 13/33 MP: 0/8
  2233 | D:3      | Gained mutation: You may rarely emit foul miasma when
                  | damaged in melee. [demonic ancestry]
  2233 | D:3      | Reached XP level 5. HP: 16/38 MP: 0/9
  2535 | D:3      | Noticed Jessica
  2538 | D:3      | Killed Jessica
  2601 | D:3      | Noticed Robin
  2610 | D:3      | Gained mutation: You regenerate a little health from kills.
                  | [demonic ancestry]
  2610 | D:3      | Reached XP level 6. HP: 45/46 MP: 3/10
  2611 | D:3      | Killed Robin
  2830 | D:3      | Found Wevygh's Weapon Shoppe.
  3690 | D:4      | Reached skill level 5 in Conjurations
  4502 | D:4      | Reached XP level 7. HP: 50/52 MP: 8/12
  4888 | D:5      | Entered Level 5 of the Dungeon
  5167 | D:5      | Found Lellues's Antique Armour Boutique.
  5370 | D:5      | Found a sand-covered staircase.
  5383 | Ossuary  | Entered an ossuary
  5534 | Ossuary  | Learned a level 2 spell: Call Imp
  6263 | D:5      | Gained mutation: You are partially covered in large bone
                  | plates. (SH +4) [demonic ancestry]
  6263 | D:5      | Reached XP level 8. HP: 60/60 MP: 9/14
  6297 | D:5      | Quit the game

Illustrated notes

Levels and vault maps discovered:
D:1:      dpeg_arrival_houses_and_road, layout_basic
D:2:      minmay_angry_zag, layout_loops_ring, serial_shops,
          nicolae_lakefront_shop, shop, nicolae_shop_trees
D:3:      layout_loops_cross, serial_shops, nicolae_shop_bloodbath_and_beyond,
          serial_bayou_pond_a, amethyst_killhole, minmay_misc_feat_tower,
          small_statue_intersection, uniq_robin, uniq_jessica, uniq_sigmund
D:4:      minmay_thinvault, layout_cave_pods, hangedman_decor_clover_reticule
D:5:      kennysheep_kobold_camp, layout_rooms, gup_ossuary_entry_pyramid,
          nicolae_wooded_promenade

Skill      XL: |  1  2  3  4  5  6  7 |
---------------+----------------------+-----
Stealth        | 2 3 4 |  4.4
Dodging        | 2 3 4 |  4.2
Fighting       | 1 2 3 |  3.9
Spellcasting   | 3 4 |  4.2
Conjurations   | 5 |  5.8

Action                     |  1- 3 |  4- 6 |  7- 9 || total
---------------------------+-------+-------+-------++-------
  Melee: Short sword       |    48 |       |       ||    48
         Tailslap          |     2 |     9 |    12 ||    23
         Halberd           |     1 |    69 |    78 ||   148
   Cast: Magic Dart        |    48 |     6 |    27 ||    81
         Searing Ray       |     6 |    13 |    11 ||    30
         Call Imp          |       |       |     4 ||     4
    Use: Scroll            |     2 |     5 |    10 ||    17
         Potion            |       |       |     1 ||     1
   Stab: Sleeping          |     1 |     2 |     1 ||     4
 Armour: Robe              |    11 |    17 |    13 ||    41
  Dodge: Dodged            |    32 |    61 |    47 ||   140
  Block: Other             |       |       |     2 ||     2

Table legend: (Time is in decaauts)
 A = Elapsed time spent in this place.
 B = Non-inter-level travel time spent in this place.
 C = Inter-level travel time spent in this place.
 D = Time resting spent in this place.
 E = Time spent auto-exploring this place.
 F = Levels seen in this place.
 G = Mean time per level.
                   A        B        C        D        E       F      G
               +--------+--------+--------+--------+--------+-----+--------+
         Total |   6370 |   6283 |     87 |   1846 |   3062 |   6 | 1061.7 |
       Dungeon |   5487 |   5400 |     87 |   1263 |   3005 |   5 | 1097.4 |
       Ossuary |    882 |    882 |      0 |    583 |     57 |   1 |  882.0 |
               +--------+--------+--------+--------+--------+-----+--------+

Top non-repeatable levels by time:
     D:4: 1608 daAuts
     D:2: 1242 daAuts
     D:1: 1132 daAuts
     D:3: 938 daAuts
 Ossuary: 882 daAuts
     D:5: 564 daAuts
